 Dungeon Crawl Stone Soup version 0.28.0 (webtiles) character file.

Game seed: 2004463722360234375

4 rockstonesolid the Sneak (level 1, 0/13 HPs)
             Began as a Gnoll Enchanter on Feb 17, 2022.
             Slain by a jackal (3 damage)
             ... on level 2 of the Dungeon.
             The game lasted 00:00:21 (50 turns).

rockstonesolid the Sneak (Gnoll Enchanter)            Turns: 50, Time: 00:00:22

Health: 0/13       AC:  2    Str:  7    XL:     1   Next: 60%
Magic:  6/6        EV: 13    Int: 14    God:
Gold:   10         SH:  0    Dex: 12    Spells: 9/9 levels left

rFire   . . .      SeeInvis .   a - +1 dagger
rCold   . . .      Faith    .   (no shield)
rNeg    . . .      Spirit   .   b - +0 robe
rPois   .          Reflect  .   (no helmet)
rElec   .          Harm     .   (no cloak)
rCorr   .          Rampage  .   (no gloves)
Will    .....                   (no boots)
Stlth   +++.......              (no amulet)
HPRegen 0.04/turn               (no ring)
MPRegen 0.10/turn               (no ring)

@: no status effects
A: fangs 1, strong nose, distributed training
a: no special abilities


You were on level 2 of the Dungeon.
You visited 1 branch of the dungeon, and saw 2 of its levels.

You collected 10 gold pieces.

Inventory:

Hand Weapons
 a - a +1 dagger (weapon)
Armour
 b - a +0 robe (worn)
Potions
 c - a potion of invisibility


   Skills:
 + Level 0.1 Fighting
 + Level 2.4 Short Blades
 + Level 0.1 Long Blades
 + Level 0.1 Axes
 + Level 0.1 Maces & Flails
 + Level 0.1 Polearms
 + Level 0.1 Staves
 + Level 0.1 Slings
 + Level 0.1 Bows
 + Level 0.1 Crossbows
 + Level 0.1 Throwing
 + Level 0.1 Armour
 + Level 4.4 Dodging
 + Level 5.9 Stealth
 + Level 0.1 Shields
 + Level 0.1 Unarmed Combat
 + Level 4.9 Spellcasting
 + Level 0.1 Conjurations
 + Level 5.3 Hexes
 + Level 0.1 Summonings
 + Level 0.1 Necromancy
 + Level 0.1 Translocations
 + Level 0.1 Transmutations
 + Level 0.1 Fire Magic
 + Level 0.1 Ice Magic
 + Level 0.1 Air Magic
 + Level 0.1 Earth Magic
 + Level 0.1 Poison Magic
 + Level 0.2 Invocations
 + Level 0.1 Evocations


You had 9 spell levels left.
You didn't know any spells.
Your spell library contained the following spells:

 Spells                   Type           Power      Damage    Failure   Level
 Confusing Touch          Hex            18%        N/A       6%          3
 Tukima's Dance           Hex            18%        N/A       6%          3
 Ensorcelled Hibernation  Hex/Ice        22%        N/A       9%          2
 Dazzling Flash           Conj/Hex       22%        N/A       17%         3


Dungeon Overview and Level Annotations

Branches:
Dungeon (2/15)

Altars:


Innate Abilities, Weirdness & Mutations

You have very sharp teeth.
Your uncanny sense of smell can sniff out nearby items.
Your experience applies equally to all skills.


Message History

Found an escape hatch in the floor.
A rat comes into view.
The helpless rat fails to defend itself.
You impale the rat!!
You kill the rat!
Found 26 stones.
Found an escape hatch in the floor.
There is an escape hatch in the floor here.
You slide downwards.
The hatch slams shut behind you.
Found 11 sling bullets.
Found 10 gold pieces.
A ball python comes into view.
You miss the frilled lizard. You bite the frilled lizard.
The frilled lizard barely misses you.
You hit the frilled lizard.
You kill the frilled lizard!
You see here 10 gold pieces.
You now have 10 gold pieces.
The ball python hisses angrily.
You hit the ball python.
You bite the ball python, but do no damage.
You hit the ball python. The ball python bites you.
The ball python misses you. x2
The ball python grabs you. The ball python constricts you.
You hit the ball python.
You kill the ball python!
You see here a ball python corpse.
A jackal comes into view.
Found a robe.
A jackal comes into view.
The jackal barks!
You hear a shout!
You hear a bark!
A jackal comes into view.
You completely miss the jackal. You bite the jackal, but do no damage.
A kobold comes into view. It is wielding a +0 club.
You hit the jackal. The jackal completely misses you.
The jackal closely misses you. The jackal bites you. The jackal bites you.
* * * LOW HITPOINT WARNING * * *
The jackal bites you.
You die...

........ #....#
......... #....##
.......#.###.....#
.......
...#.....###
.....###..........
#....###.........
. #.....##†....##
..#
#..#...h...##[....
#..(..@hh#.h..#
#...####K.#..##
#..#..# ##....#
#..##.# ##.......
#.. #.# ...#...
#.. #.# .#......
#.. #.# ###.....
..# #.... ... ###


You could see 3 jackals and a kobold.

Vanquished Creatures
  A ball python (D:2)
  An endoplasm (D:1)
  A frilled lizard (D:2)
  A rat (D:1)
4 creatures vanquished.

Notes
Turn   | Place    | Note
-------+----------+-------------------------------------------
     0 | D:1      | rockstonesolid the Gnoll Enchanter began the quest for the
                  | Orb.
     0 | D:1      | Reached XP level 1. HP: 13/13 MP: 6/6
    50 | D:2      | Slain by a jackal

Illustrated notes

Levels and vault maps discovered:
D:1:      onia_arrival_handbag, layout_basic, ebering_ecumenical_altar_webs
D:2:      layout_rooms

Action                   || total
-------------------------++-------
Melee: Dagger            ||    14
       Bite              ||     6
 Stab: Sleeping          ||     1
Dodge: Dodged            ||     8
